 Dungeon Crawl Stone Soup version 0.20.0-15-g7f486f2 (webtiles) character file.

81 Kosschaser the Sneak (level 4, -5/31 HPs)
             Began as a Merfolk Enchanter on June 9, 2017.
             Killed by nerve-wracking pain
             ... invoked by Grinder
              (11 damage)
             ... on level 3 of the Dungeon.
             The game lasted 00:09:26 (3380 turns).

Kosschaser the Sneak (Merfolk Enchanter)            Turns: 3380, Time: 00:09:27

Health: -5/31      AC:  2    Str:  8    XL:     4   Next: 40%
Magic:  2/7        EV: 13    Int: 14    God:
Gold:   128        SH:  0    Dex: 15    Spells: 2/8 levels left

rFire    + . .     SeeInvis .   a - +1 dagger
rCold    . . .     Gourm    .   (no shield)
rNeg     . . .     Faith    +   b - +0 robe
rPois    +         Spirit   .   (no helmet)
rElec    .         Reflect  .   (no cloak)
rCorr    .         Harm     .   (no gloves)
MR       .....                  (no boots)
Stlth    +++.......             r - amulet of faith
Regen    0.1/turn               j - ring of protection from fire
MPRegen  0.1/turn               l - ring of poison resistance

@: very slightly contaminated
A: change form in water, swift swim, stealthy swim
a: no special abilities


You were on level 3 of the Dungeon.
You were hungry.

You visited 1 branch of the dungeon, and saw 3 of its levels.

You collected 128 gold pieces.

Inventory:

Hand Weapons
 a - a +1 dagger (weapon)
Armour
 b - a +0 robe (worn)
Jewellery
 j - a ring of protection from fire (left hand)
 l - a ring of poison resistance (right hand)
 q - an uncursed ring of see invisible
 r - an amulet of faith (around neck)
Scrolls
 e - 2 scrolls of remove curse {unknown}
 g - 2 scrolls of teleportation {unknown}
 h - 4 scrolls of amnesia {unknown}
 i - a scroll of blinking {unknown}
 k - a scroll of random uselessness {unknown}
 n - a scroll of enchant armour {unknown}
 o - a scroll of fear {unknown}
 v - 2 scrolls of identify {unknown}
Potions
 m - a potion of ambrosia {unknown}
 p - 5 potions of heal wounds {unknown}
 s - a potion of degeneration {unknown}
 t - a potion of curing {unknown}
Books
 c - a book of Maledictions

   Spells                             Type                      Level
   a - Corona                         Hexes                        1
   b - Ensorcelled Hibernation        Hexes/Ice                    2
   c - Confuse                        Hexes                        3
   d - Tukima's Dance                 Hexes                        3
   e - Dazzling Spray                 Conjuration/Hexes            3
Comestibles
 d - 3 bread rations
 f - 3 royal jellies


   Skills:
 + Level 0.9 Fighting
 + Level 2.2 Short Blades
 + Level 2.9 Dodging
 + Level 3.9 Stealth
 + Level 2.5 Spellcasting
 + Level 3.5 Hexes
 + Level 1.2 Ice Magic


You had 2 spell levels left.
You knew the following spells:

 Your Spells              Type           Power        Failure   Level  Hunger
a - Corona                Hex            ##.....      5%          1    #......
b - Ensorcelled Hibernat  Hex/Ice        #.....       13%         2    ###....
c - Confuse               Hex            ##......     16%         3    ###....


Dungeon Overview and Level Annotations

Branches:
Dungeon (3/15)

Altars:
Fedhas
Hepliaklqana

Annotations:
D:3 Grinder


Message History

Confirm with . or Enter, or press ? or * to list all spells.
You don't have enough magic to cast that spell.
You hit Grinder but do no damage.
Grinder is heavily wounded.
Grinder hits you!
You writhe in agony.
You hit Grinder.
Grinder is heavily wounded.
Grinder closely misses you.
You hit Grinder but do no damage.
Grinder is heavily wounded.
Grinder gestures at you. Pain shoots through your body!
* * * LOW HITPOINT WARNING * * *
You barely miss Grinder.
Grinder is heavily wounded.
You barely miss Grinder.
Grinder is heavily wounded.
Grinder gestures at you. Pain shoots through your body!
You die...

#..........)##...[##.+.....##.
######'#..#.##....##.#.....##.
##
######'#....#####ยง##.#.....##.
.# #.........#.# #.# #.....##.
.###.........#.# ##.# #.....##.
..##.........### #.<# ###### #.
#.#######'#..######.######## #.
#..#.................##....# #.
#.........#.....@5#..##....# #.
..........#..######..##...)# #.
..........##.# #........#####.
.>..#####.##+# #........'[....
....# #.# ##.##....######
....## #.# #.##....# .....# #.#
#.##....# .....# #.# #
#.......# .....####.##.#
#####'###


You could see Grinder.

Vanquished Creatures
  3 adders
  3 oozes
  A worm (D:2)
  A dart slug (D:1)
  A leopard gecko (D:2)
  An orc (D:3)
  2 bats
  2 giant cockroaches (D:1)
  7 goblins
  3 hobgoblins
  2 jackals (D:1)
  6 kobolds
  2 frilled lizards
  A rat (D:1)
35 creatures vanquished.

Notes
Turn   | Place    | Note
-------+----------+-------------------------------------------
     0 | D:1      | Kosschaser the Merfolk Enchanter began the quest for the Orb.
     0 | D:1      | Reached XP level 1. HP: 13/13 MP: 3/3
   133 | D:1      | Reached XP level 2. HP: 10/19 MP: 5/5
   712 | D:1      | Learned a level 2 spell: Ensorcelled Hibernation
  1666 | D:2      | Reached XP level 3. HP: 25/25 MP: 6/6
  1840 | D:2      | Found a hazy altar of Hepliaklqana.
  2289 | D:3      | Reached XP level 4. HP: 13/31 MP: 4/7
  2501 | D:3      | Reached skill level 1 in Ice Magic
  2704 | D:3      | Noticed Grinder
  2725 | D:3      | Found a blossoming altar of Fedhas.
  2741 | D:3      | Paralysed by Grinder for 2 turns
  3042 | D:2      | Learned a level 3 spell: Confuse
  3303 | D:3      | Paralysed by Grinder for 3 turns
  3380 | D:3      | Killed from afar by Grinder

Skill      XL: |  1  2  3  4 |
---------------+-------------+-----
Short Blades   | 2 |  2.2
Ice Magic      | 1 |  1.2
Fighting       | |  0.9
Dodging        | |  2.9
Stealth        | |  3.9
Spellcasting   | |  2.5
Hexes          | |  3.5

Action                   |  1- 3 |  4- 6 || total
-------------------------+-------+-------++-------
Melee: Dagger            |   114 |    34 ||   148
 Cast: Ensorcelled Hiber |    15 |     7 ||    22
       Confuse           |       |     3 ||     3
 Stab: Sleeping          |    13 |     5 ||    18
       Confused          |       |     1 ||     1
  Eat: Chunk             |     5 |     4 ||     9
Armor: Robe              |    13 |     2 ||    15
Dodge: Dodged            |    72 |    16 ||    88
